 Dungeon Crawl Stone Soup version 0.20.1-1-g8b1a95d (webtiles) character file.

686 cheesemonger the Skirmisher (level 7, 0/55 HPs)
             Began as a Human Berserker on Sept 23, 2017.
             Was a Believer of Trog.
             Slain by an orc
             ... wielding a +0 flail
              (7 damage)
             ... on level 6 of the Dungeon.
             The game lasted 00:14:11 (4204 turns).

cheesemonger the Skirmisher (Human Berserker)       Turns: 4204, Time: 00:14:13

Health: 0/55       AC:  5    Str: 19    XL:     7   Next: 94%
Magic:  7/7        EV: 12    Int: 13    God:    Trog [**....]
Gold:   96         SH:  0    Dex: 12    Spells: 6/6 levels left

rFire    . . .     SeeInvis .   x - +0 falchion
rCold    . . .     Gourm    .   (no shield)
rNeg     . . .     Faith    .   m - +0 ring mail
rPois    .         Spirit   .   (no helmet)
rElec    .         Reflect  .   (no cloak)
rCorr    .         Harm     .   (no gloves)
MR       .....                  (no boots)
Stlth    +.........             (no amulet)
Regen    0.2/turn               (no ring)
MPRegen  0.1/turn               (no ring)

@: brilliant, berserk cooldown, slowed, very slow
A: no striking features
a: Berserk, Trog's Hand, Burn Spellbooks, Renounce Religion


You were on level 6 of the Dungeon.
You worshipped Trog.
Trog was pleased with you.
You were not hungry.

You visited 1 branch of the dungeon, and saw 6 of its levels.

You collected 96 gold pieces.

Inventory:

Hand Weapons
 a - a +0 spear
 u - a +0 battleaxe
 x - a +0 falchion (weapon)
Armour
 b - a +0 animal skin
 m - a +0 ring mail (worn)
 s - a +0 ring mail
Jewellery
 f - an uncursed amulet of harm {unknown}
 h - a cursed ring of loudness {unknown}
 w - an uncursed ring of flight {unknown}
 D - a +3 ring of dexterity {unknown}
Scrolls
 c - a scroll of identify {unknown}
 g - 2 scrolls of fog {unknown}
 l - a scroll of immolation {unknown}
 n - a scroll of remove curse {unknown}
 v - a scroll of magic mapping {unknown}
 z - a scroll of recharging {unknown}
 B - a scroll of amnesia {unknown}
Potions
 d - a potion of heal wounds {unknown}
 e - a potion of flight {unknown}
 j - 2 potions of degeneration {unknown}
 k - a potion of agility {unknown}
 o - a potion of ambrosia {unknown}
 p - 2 potions of curing {unknown}
 q - a potion of mutation {unknown}
 A - a potion of lignification {unknown}
Books
 r - a book of Minor Magic

   Spells                             Type                      Level
   a - Magic Dart                     Conjuration                  1
   b - Blink                          Translocation                2
   c - Call Imp                       Summoning                    2
   d - Slow                           Hexes                        2
   e - Conjure Flame                  Conjuration/Fire             3
   f - Mephitic Cloud                 Conjuration/Poison/Air       3
   Trog disapproves of the use of such an item.
 t - a book of Cantrips

   Spells                             Type                      Level
   a - Confusing Touch                Hexes                        1
   b - Animate Skeleton               Necromancy                   1
   c - Summon Small Mammal            Summoning                    1
   d - Apportation                    Translocation                1
   Trog disapproves of the use of such an item.
 y - a book of Air

   Spells                             Type                      Level
   a - Shock                          Conjuration/Air              1
   b - Swiftness                      Charms/Air                   2
   c - Static Discharge               Conjuration/Air              3
   d - Airstrike                      Air                          4
   e - Lightning Bolt                 Conjuration/Air              5
   Trog disapproves of the use of such an item.


   Skills:
 + Level 4.6 Fighting
 + Level 2.3 Long Blades
 + Level 3.7(4.6) Axes
 + Level 4.2(4.9) Polearms
 + Level 3.9 Armour
 + Level 3.1 Dodging
 + Level 1.2 Stealth


You had 6 spell levels left.
You didn't know any spells.

Dungeon Overview and Level Annotations

Branches:
Dungeon (6/15)
 Temple: D:4-7

Altars:
The Shining One

Annotations:
D:6 Fman's ghost, novice DsAK


Message History

The orc hits you with a flail.
The orc priest calls upon Beogh to heal the orc.
The orc's wounds heal themselves!
Fman's ghost hits you. The orc hits you with a flail.
* * * LOW HITPOINT WARNING * * *
Fman's ghost hits you.
* * * LOW HITPOINT WARNING * * *
You can move again.
It was a potion of brilliance.
You feel clever all of a sudden. The orc misses you.
You riposte.
You completely miss the orc. Fman's ghost closely misses you.
The orc closely misses you.
You riposte.
You hit the orc but do no damage. You hit the orc but do no damage.
Fman's ghost hits you but does no damage.
The orc priest invokes the aid of Beogh against you.
Beogh smites you!
* * * LOW HITPOINT WARNING * * *
The orc hits you with a flail!
You die...

#...........
#...........
#...........
#...........
+...o.......
#...........
#..o[.......
#...@W......
#.<..†......
##+#+#......
.##### #


You could see an orc priest, Fman's ghost and an orc.

Vanquished Creatures
  2 ogres (D:4)
  A howler monkey (D:5)
  A crimson imp (D:5)
  A jelly (D:5)
  A centaur zombie (D:5)
  2 orc wizards (D:4)
  2 hounds
  An iguana (D:4)
  5 worker ants
  A hound skeleton (D:4)
  2 worker ant zombies
  An adder (D:5)
  2 shadow imps (D:5)
  2 oozes (D:5)
  An adder skeleton (D:4)
  A worm (D:2)
  2 leopard geckos
  10 orcs
  A ball python (D:2)
  3 bats
  A giant cockroach (D:1)
  2 goblins
  A hobgoblin (D:2)
  7 jackals
  2 quokkas (D:2)
  4 frilled lizards
  A kobold (D:2)
  3 rats
63 creatures vanquished.

Notes
Turn   | Place    | Note
-------+----------+-------------------------------------------
     0 | D:1      | cheesemonger the Human Berserker began the quest for the Orb.
     0 | D:1      | Reached XP level 1. HP: 18/18 MP: 1/1
   228 | D:2      | Reached XP level 2. HP: 24/24 MP: 2/2
   515 | D:2      | Found a glowing golden altar of the Shining One.
  1130 | D:3      | Reached XP level 3. HP: 26/29 MP: 3/3
  1293 | D:4      | Reached XP level 4. HP: 13/35 MP: 4/4
  1602 | D:4      | Noticed an ogre
  1609 | D:4      | Killed an ogre
  1609 | D:4      | Reached skill level 1 in Axes
  1609 | D:4      | Reached XP level 5. HP: 18/42 MP: 5/5
  1771 | D:4      | Reached XP level 6. HP: 33/48 MP: 6/6
  2048 | D:4      | Noticed an ogre
  2057 | D:4      | Killed an ogre
  2057 | D:4      | Reached skill level 1 in Stealth
  2131 | D:4      | Reached XP level 7. HP: 52/55 MP: 7/7
  2804 | D:5      | Entered Level 5 of the Dungeon
  3167 | D:5      | Reached ** piety under Trog
  3278 | D:5      | Reached skill level 1 in Long Blades
  3352 | D:5      | HP: 2/82 [acid (5)]
  4186 | D:6      | Noticed Fman's ghost (novice DsAK)
  4204 | D:6      | Slain by an orc

Skill      XL: |  1  2  3  4  5  6  7 |
---------------+----------------------+-----
Axes           | 1 2 3 |  3.7
Polearms       | 4 |  4.2
Fighting       | 4 |  4.6
Stealth        | 1 |  1.2
Armour         | 3 |  3.9
Dodging        | 3 |  3.1
Long Blades    | 2 |  2.3

Action                   |  1- 3 |  4- 6 |  7- 9 || total
-------------------------+-------+-------+-------++-------
Melee: Spear             |    56 |       |       ||    56
       Battleaxe         |     7 |    42 |     6 ||    55
       Falchion          |       |       |   129 ||   129
Invok: Berserk           |     5 |     6 |     5 ||    16
  Use: Potion            |       |       |     1 ||     1
  Eat: Chunk             |     3 |     4 |     3 ||    10
       Royal jelly       |     1 |     1 |       ||     2
       Bread ration      |       |     1 |     2 ||     3
Armor: Animal skin       |     8 |       |       ||     8
       Ring mail         |     7 |    14 |    40 ||    61
Dodge: Dodged            |    39 |    39 |   114 ||   192
       Rpst.: Falchion   |       |       |    43 ||    43
